Map: [ESL] Gresvan

Players

Fjant - Winner!

  • Race: Zerg Zerg
  • League: Grandmaster
  • Spawn Location: 11:00

trigger

  • Race: Protoss Protoss
  • League: Grandmaster
  • Spawn Location: 5:00

Event: HomeStory Cup XXIII

VOD

Have the link to the VOD?

Description

Time

  • Played on: June 30, 2023, 2:32 p.m.
  • Length: 10:56

All games in this series

Show
View Real Time Build Order
Export as new Build Order

Fjant Zerg - Winner!

Build Orders: Hatch First 

Get SALT Encoding   

  12  0:00  Drone  
  13  0:13  Overlord  
  13  0:18  Drone  
  14  0:31  Drone x2  
  16  0:49  Hatchery  
  15  0:51  Drone  
  15  0:55  Drone  
  17  0:58  Drone  
  18  1:10  Extractor  
  17  1:13  Spawning Pool  
  17  1:18  Drone  
  17  1:20  Drone  
  18  1:29  Drone  
  19  1:48  Drone  
  20  1:58  Drone  
  21  2:04  Queen x2  
  21  2:06  Zergling x4  
  27  2:14  Overlord  
  27  2:15  Drone  
  28  2:17  Metabolic Boost  
  28  2:32  Drone  
  28  2:35  Hatchery  
  28  2:36  Drone  
  29  2:43  Drone x2  
  32  2:44  Drone  
  32  2:50  Overlord  
  32  2:56  Drone x2  
  34  2:59  Queen  
  36  3:10  Drone x2  
  38  3:13  Drone x2  
  38  3:19  Drone x3  
  42  3:27  Overlord  
  42  3:35  Drone  
  43  3:44  Queen  
  45  3:49  Drone x4  
  45  3:51  Queen  
  51  3:56  Queen  
  51  3:57  Zergling x2  
  51  3:58  Zergling x8  
  56  4:05  Drone  
  56  4:06  Evolution Chamber  
  56  4:07  Drone x2  
  58  4:18  Spore Crawler  
  58  4:20  Drone, Spore Crawler  
  58  4:22  Drone  
  57  4:34  Zerg Melee Weapons Level 1  
  57  4:36  Drone  
  57  4:37  Overlord x2  
  58  4:41  Overlord  
  58  4:50  Queen, Spore Crawler  
  57  4:54  Drone  
  57  4:55  Overlord  
  57  4:57  Drone x11  
  69  5:02  Drone  
  69  5:06  Drone  
  69  5:07  Drone  
  72  5:16  Drone x2  
  72  5:20  Drone x2  
  76  5:24  Hatchery  
  76  5:26  Roach Warren  
  76  5:28  Lair  
  74  5:34  Zergling x12  
  78  5:42  Extractor  
  78  5:43  Extractor, Zergling x10  
  81  5:51  Overlord  
  81  5:55  Overlord  
  81  5:56  Overlord  
  81  6:06  Zergling x4  
  77  6:11  Zergling x10  
  80  6:19  Queen, Zergling x8  
  80  6:25  Zergling x14  
  92  6:30  Zergling x2  
  89  6:38  Zergling x2  
  89  6:39  Zergling x4  
  88  6:44  Roach  
  88  6:45  Roach x3  
  88  6:46  Glial Reconstitution, Zerg Melee Weapons Level 2  
  94  6:48  Drone, Baneling Nest  
  94  6:50  Drone x8  
  102  6:59  Hatchery  
  102  7:00  Roach x4  
  106  7:06  Roach  
  106  7:08  Zergling x2  
  108  7:11  Zergling x6  
  110  7:18  Zergling x6  
  108  7:23  Zergling x6  
  109  7:34  Zergling x8  
  111  7:43  Hatchery  
  110  7:46  Overlord  
  110  7:47  Overlord  
  110  7:49  Overlord  
  105  7:55  Hatchery  
  105  7:57  Roach  
  104  8:02  Overlord x2, Spore Crawler  
  103  8:08  Zergling x20  
  103  8:10  Centrifugal Hooks  
  113  8:14  Roach x2  
  113  8:17  Baneling x13  
  114  8:23  Zergling x6  
  113  8:28  Zergling x2  
  113  8:33  Zergling x6  
  97  8:48  Zergling x12  
  95  8:56  Zergling x4  
  95  8:58  Zergling x2  
  95  9:06  Zergling x8  
  97  9:10  Zergling x4  
  97  9:13  Queen  
  97  9:14  Queen  
  97  9:15  Drone x2  
  105  9:19  Zergling x6  
  108  9:25  Zergling x4  
  108  9:26  Hatchery  
  108  9:27  Zergling x2  
  108  9:31  Zergling x4  
  110  9:34  Zergling x2  
  110  9:36  Drone  
  108  9:39  Drone  
  108  9:40  Drone x2  
  111  9:45  Zergling x2  
  111  9:46  Ravager x3  
  111  9:48  Roach  
  111  9:49  Roach  
  111  9:51  Zergling x4  
  121  9:56  Drone  
  121  9:59  Baneling  
  119  10:00  Baneling x9  
  119  10:01  Zergling x10  
  119  10:02  Zergling x12  
  119  10:03  Zergling x2  
  119  10:06  Baneling, Zergling x2  
  132  10:10  Zergling x2  
  132  10:13  Queen  
  135  10:19  Zergling x8, Baneling  
  135  10:20  Baneling x3  
  138  10:32  Zergling x2  
  138  10:33  Zergling x14  
Show
View Real Time Build Order
Export as new Build Order

trigger Protoss 

Build Orders: 1 Gate Expand, Oracle Opening 

Get SALT Encoding   

  12  0:00  Probe  
  13  0:12  Probe  
  14  0:21  Pylon  
  14  0:24  Probe  
  15  0:39  Probe (Chrono Boost)  
  15  0:42  Gateway  
  16  0:48  Probe (Chrono Boost), Assimilator  
  17  0:53  Probe  
  18  1:05  Probe  
  19  1:17  Probe  
  20  1:25  Nexus  
  20  1:33  Cybernetics Core  
  20  1:36  Probe  
  21  1:43  Assimilator  
  21  1:49  Probe  
  21  1:52  Pylon  
  22  2:01  Probe (Chrono Boost)  
  23  2:10  Stalker  
  23  2:14  Probe (Chrono Boost)  
  26  2:21  Probe (Chrono Boost)  
  27  2:24  Stargate  
  27  2:28  Probe (Chrono Boost)  
  28  2:33  Warp Gate  
  28  2:38  Probe (Chrono Boost)  
  28  2:40  Probe (Chrono Boost)  
  28  2:42  Adept  
  32  2:46  Probe (Chrono Boost)  
  32  2:47  Probe (Chrono Boost)  
  34  2:51  Probe (Chrono Boost)  
  34  2:55  Probe  
  36  3:03  Probe  
  37  3:06  Gateway  
  37  3:07  Probe, Oracle (Chrono Boost)  
  41  3:15  Probe  
  41  3:19  Probe, Pylon  
  43  3:27  Probe  
  43  3:31  Probe  
  45  3:36  Pylon, Oracle (Chrono Boost)  
  45  3:40  Probe  
  49  3:46  Probe  
  50  3:53  Probe  
  51  3:55  Nexus  
  51  3:59  Probe  
  52  4:04  Oracle (Chrono Boost)  
  52  4:05  Probe  
  52  4:06  Assimilator  
  56  4:12  Probe, Assimilator  
  56  4:14  Pylon  
  57  4:17  Probe  
  57  4:21  Twilight Council  
  57  4:23  Forge  
  57  4:24  Probe  
  59  4:32  Probe  
  59  4:36  Probe  
  59  4:37  Gateway  
  58  4:40  Gateway  
  58  4:41  Stalker  
  58  4:42  Stalker  
  58  4:44  Probe  
  63  4:48  Probe  
  64  4:57  Probe  
  64  4:59  Blink (Chrono Boost)  
  65  5:00  Protoss Ground Weapons Level 1  
  65  5:01  Probe  
  65  5:06  Stalker x2  
  70  5:09  Probe x2  
  70  5:13  Probe  
  73  5:17  Photon Cannon  
  73  5:21  Probe x2  
  74  5:25  Probe, Gateway  
  74  5:27  Gateway  
  76  5:33  Probe  
  76  5:35  Probe, Stalker x2  
  78  5:38  Pylon  
  78  5:41  Stalker  
  84  5:46  Probe  
  85  5:56  Probe x2  
  87  5:59  Stalker  
  87  6:00  Stalker x2  
  87  6:01  Pylon  
  93  6:13  Probe  
  93  6:14  Probe  
  93  6:17  Stalker  
  93  6:21  Nexus  
  93  6:22  Photon Cannon  
  93  6:23  Stalker x4  
  101  6:38  Probe x2  
  99  6:43  Probe  
  99  6:45  Stalker x3  
  98  6:50  Stalker x2, Assimilator  
  98  6:51  Assimilator  
  98  6:53  Probe  
  97  6:57  Probe  
  97  6:59  Probe  
  99  7:02  Stalker  
  99  7:04  Charge, Protoss Ground Weapons Level 2  
  101  7:11  Pylon  
  101  7:14  Pylon  
  101  7:16  Probe  
  101  7:18  Probe  
  101  7:34  Gateway  
  101  7:35  Stalker x3  
  101  7:36  Stalker  
  90  7:42  Zealot  
  90  7:43  Zealot  
  88  7:45  Oracle (Chrono Boost)  
  88  7:49  Probe (Chrono Boost)  
  90  7:53  Probe x2 (Chrono Boost)  
  90  7:55  Probe (Chrono Boost)  
  91  7:59  Stalker x4  
  91  8:02  Probe (Chrono Boost), Photon Cannon  
  91  8:03  Probe (Chrono Boost)  
  91  8:04  Probe (Chrono Boost)  
  91  8:05  Probe (Chrono Boost)  
  103  8:07  Probe  
  103  8:10  Probe, Stalker  
  107  8:13  Probe  
  107  8:14  Oracle (Chrono Boost)  
  107  8:15  Probe  
  107  8:19  Probe  
  113  8:24  Probe  
  113  8:26  Zealot  
  113  8:27  Probe, Zealot x3  
  120  8:37  Zealot x3  
  120  8:39  Probe  
  108  8:42  Probe, Oracle (Chrono Boost)  
  101  8:50  Stalker x3  
  98  8:58  Stalker  
  98  9:00  Zealot x3  
  98  9:02  Probe x2  
  108  9:03  Probe  
  108  9:04  Probe  
  108  9:06  Photon Cannon  
  108  9:08  Shield Battery  
  108  9:09  Oracle (Chrono Boost)  
  113  9:14  Probe x2  
  113  9:15  Probe  
  116  9:17  Stalker x3  
  120  9:24  Zealot x2  
  120  9:28  Zealot  
  120  9:31  Zealot  
  121  9:32  Probe x2 (Chrono Boost)  
  121  9:35  Probe x2 (Chrono Boost)  
  121  9:37  Photon Cannon  
  123  9:44  Probe (Chrono Boost)  
  124  9:50  Pylon  
  124  9:52  Pylon  
  124  9:53  Pylon x2  
  124  9:55  Pylon x2  
  124  10:05  Photon Cannon  
  124  10:06  Assimilator  
  124  10:07  Shield Battery  
  124  10:08  Probe x3, Oracle  
  124  10:10  Probe  
  124  10:11  Assimilator  
  131  10:15  Photon Cannon  
  131  10:19  Templar Archives  
  131  10:20  Probe x2  
  133  10:21  Robotics Facility  
  133  10:26  Stalker x2  
  133  10:27  Stalker  
  139  10:33  Stalker  
  139  10:34  Stalker  
  118  10:43  Zealot x2  
Tags
 
Add a new tag
Caveats
  • Supply blocks, unpowered buildings, or Contaminate may cause inaccurate times.
  • Supply counts are checked every 10 seconds.